AoeStats
← 297539664

Nomad

508859620Analyzed
4v4 RM · 8d ago on Sep 24, 2026· 48m 52s· 8 players
Game mode
Random Map
Map size
231×231
Population
200
Speed
Normal
Resources
Standard
Victory
Conquest
Starting age
Dark Age
Ending age
Imperial Age
RankedLock teamsTeams togetherTeam positionsShared explorationLock speedFull tech treeHidden civsTurbo modeCheats
Victory
Defeat
🇹🇼 Varangians · Taiwan
1630
+10
🇨🇳 Mongols · China
1543
+13
🇨🇳 Persians · China
1494
+15
🇩🇪 Spanish · Germany
1485
+17
1533
-16
🇹🇼 Turks · Taiwan
1512
-15
🇹🇼 Varangians · Taiwan
1497
-14
🇹🇼 Vietnamese · Taiwan
1398
-10
投掷哥布林
4:05 Loom
13:11 Feudal Age
16:47 Castle Age
20:42 Castle Age
20:10 Double-Bit Axe
20:08 Horse Collar
20:22 Fletching
22:32 Bow Saw
23:15 Town Watch
24:14 Heavy Plow
26:16 Wheelbarrow
41:17 Imperial Age
39:48 Hand Cart
41:20 Onager
44:02 Drill
44:21 Gold Mining
44:21 Stone Mining
44:28 Siege Onager
45:13 Capped Ram
47:22 Siege Ram
49:27 Chemistry
48:45 Siege Engineers
Nexuz
5:14 Loom
13:19 Feudal Age
17:31 Castle Age
17:21 Double-Bit Axe
17:50 Gold Mining
19:27 Bow Saw
19:39 Fishing Lines
26:01 Horse Collar
28:13 Wheelbarrow
31:04 Padded Archer Armor
34:23 Bloodlines
34:13 Husbandry
34:19 Heavy Plow
34:53 Leather Archer Armor
35:21 Town Watch
40:19 Imperial Age
37:55 Fletching
39:53 Hand Cart
41:30 Ring Archer Armor
42:17 Chemistry
41:44 Conscription
47:58 Scale Barding Armor
TAG_Wayne
5:31 Loom
14:03 Feudal Age
14:42 Double-Bit Axe
18:03 Castle Age
19:27 Bow Saw
19:16 Town Watch
23:32 Horse Collar
26:36 Wheelbarrow
26:35 Heavy Plow
28:40 Hand Cart
29:25 Gold Mining
29:26 Stone Mining
30:08 Scale Barding Armor
30:14 Forging
30:21 Fletching
31:20 Chain Barding Armor
31:23 Bloodlines
31:14 Husbandry
37:00 Imperial Age
34:56 Vendel Legacy
37:00 Cavalier
38:20 Plate Barding Armor
39:20 Two-Man Saw
38:55 Crop Rotation
39:21 Conscription
40:45 Iron Casting
42:52 Blast Furnace
41:43 Fletching
44:22 Town Patrol
46:56 Siege Engineers
46:33 Treadmill Crane
47:25 Guilds
48:07 Devotion
297539664
6:39 Loom
14:57 Feudal Age
15:50 Double-Bit Axe
22:04 Bloodlines
23:56 Castle Age
48:42 Bow Saw
新手上路 請多關照
4:32 Loom
13:04 Feudal Age
14:36 Wheelbarrow
17:37 Castle Age
16:27 Double-Bit Axe
16:42 Fletching
18:18 Bodkin Arrow
21:31 Bow Saw
24:04 Ballistics
25:00 Horse Collar
27:43 Padded Archer Armor
27:57 Gold Mining
31:23 Wheelbarrow
31:05 Bloodlines
34:22 Leather Archer Armor
35:15 Svan Towers
40:49 Imperial Age
41:33 Bracer
42:37 Chemistry
41:16 Heavy Cavalry Archer
42:21 Parthian Tactics
48:26 Scale Mail Armor
48:36 Forging
48:39 Guard Tower
48:34 Arrowslits
訓導處主任
4:32 Loom
13:49 Feudal Age
14:21 Double-Bit Axe
14:52 Gold Mining
16:11 Fishing Lines
17:55 Wheelbarrow
17:56 Forging
20:45 Castle Age
21:40 Medium Warships
20:52 Demolition Ship
21:59 Bow Saw
28:48 Hand Cart
29:08 Horse Collar
30:20 Fletching
33:58 Bodkin Arrow
36:41 Imperial Age
33:57 Town Watch
36:34 Padded Archer Armor
37:38 Bracer
39:21 Leather Archer Armor
41:57 Ring Archer Armor
44:05 Scale Mail Armor
44:40 Murder Holes
SHANNON
9:36 Loom
14:10 Feudal Age
20:21 Castle Age
29:21 Double-Bit Axe
33:24 Fletching
33:34 Padded Archer Armor
33:45 Padded Archer Armor
36:39 Bodkin Arrow
36:59 Leather Archer Armor
42:38 Imperial Age
47:38 Wheelbarrow
阿秋1
16:58 Loom
22:08 Feudal Age
22:50 Double-Bit Axe
25:51 Castle Age
24:21 Double-Bit Axe
24:17 Horse Collar
24:28 Gold Mining
26:25 Wheelbarrow
33:35 Stone Mining
Connection lost

Rejoining the realm…

Still unreachable

The connection could not be restored.

Session expired

The server has moved on; the page needs a fresh start.